 Dungeon Crawl Stone Soup version 0.24-a0-201-gf2055891f0 (webtiles) character file.

Game seed: 7967328192775124664

370 Hercules1031 the Shield-Bearer (level 7, -3/55 HPs)
             Began as a Formicid Fighter on Mar 24, 2019.
             Slain by a soul eater (14 damage)
             ... summoned by a kobold demonologist
             ... on level 4 of the Dungeon.
             The game lasted 00:06:44 (3809 turns).

Hercules1031 the Shield-Bearer (Formicid Fighter)   Turns: 3809, Time: 00:06:44

Health: -3/55      AC:  5    Str: 28    XL:     7   Next: 2%
Magic:  7/7        EV:  8    Int:  7    God:
Gold:   135        SH: 10    Dex: 10    Spells: 6/6 levels left

rFire    . . .     SeeInvis +   r - +2 war axe (elec)
rCold    . . .     Gourm    .   c - +0 shield
rNeg     . . .     Faith    .   m - +0 chain mail
rPois    .         Spirit   .   (helmet unavailable)
rElec    .         Reflect  .   (no cloak)
rCorr    .         Harm     .   (no gloves)
MR       .....                  (no boots)
Stlth    ..........             (no amulet)
HPRegen  0.18/turn              (no ring)
MPRegen  0.10/turn              (no ring)

@: mighty, corroded
A: permanent stasis, dig shafts and tunnels, four strong arms, antennae 3
a: Dig, Shaft Self


You were on level 4 of the Dungeon.
You were hungry.

You visited 1 branch of the dungeon, and saw 4 of its levels.

You collected 135 gold pieces.

Inventory:

Hand Weapons
 a - a +0 war axe
 n - a +1 antimagic hand axe
 r - a +2 war axe of electrocution (weapon)
Armour
 b - a +0 scale mail
 c - a +0 shield (worn)
 m - a +0 chain mail (worn)
Wands
 g - a wand of flame (18)
Scrolls
 f - a scroll of fear {unknown}
 h - 5 scrolls of identify
 i - 3 scrolls of enchant armour {unknown}
 j - a scroll of immolation {unknown}
 o - a scroll of fog {unknown}
 p - 2 scrolls of amnesia {unknown}
 s - a scroll of remove curse {unknown}
Potions
 d - 2 potions of might
 e - a potion of haste
Comestibles
 t - 4 rations


   Skills:
 + Level 4.6 Fighting
 + Level 3.4 Axes
 + Level 4.6 Armour
 + Level 2.4 Dodging
 + Level 5.1 Shields


You had 6 spell levels left.
You didn't know any spells.
Your spell library was empty.

Dungeon Overview and Level Annotations

Branches:
Dungeon (4/15)
 Temple: D:4-7

Altars:
Qazlal

Annotations:
D:4 1 transporter


Innate Abilities, Weirdness & Mutations

You cannot be hasted, slowed, berserked, paralysed or teleported.
You can dig through walls and to a lower floor.
Your four strong arms can wield two-handed weapons with a shield.
You have a pair of large antennae on your head. (SInv)


Message History

t - 4 rations (gained 1)
The shadow imp lashes its tail.
The orc priest mumbles some strange prayers to Beogh against you.
Beogh smites you!
* * * LOW HITPOINT WARNING * * *
You block the soul eater's attack.
There is a transporter here.
The soul eater draws from the surrounding life force!
* * * LOW HITPOINT WARNING * * *
You see here 12 gold pieces.
You now have 127 gold pieces (gained 12).
The soul eater hits you but does no damage.
The rust devil hits you. The rust devil corrodes you!
You block the soul eater's attack.
There is a transporter here.
The soul eater barely misses you.
You see here 8 gold pieces.
You now have 135 gold pieces (gained 8).
The rust devil barely misses you. The soul eater hits you!
You die...

..#.#.≈...≈.#.#
......
#.#.≈≈P≈≈.#.#
......
#.#K≈≈⌠≈≈.#.#
......
#.#o≈≈≈P≈.#.#
.....
#.#5≈...≈5#.#
.....
#.#o≈...≈o#.#
..##.
#.####'####.#
..
#.#≈..3..≈#.#
#.#8P.4@P8#.#
{#.#########.#
#.....©.....#
#####...#####
... ##.## #..
... .. # ###
#####.# #.
......# #.. ##
#....####


You could see a soul eater, a rust devil, a kobold demonologist, 3 orc priests
and 2 shadow imps.

Vanquished Creatures
  A phantom (D:3)
  An ogre (D:4)
  A scorpion (D:4)
  An orc priest (D:3)
  A worker ant zombie (D:3)
  3 adders
  An adder skeleton (D:4)
  2 worms
  2 dart slugs
  3 leopard geckos
  9 orcs
  4 giant cockroaches
  6 goblins
  5 hobgoblins
  5 bats
  4 frilled lizards
  8 kobolds
  A leopard gecko skeleton (D:4)
  5 rats
63 creatures vanquished.

Notes
Turn   | Place    | Note
-------+----------+-------------------------------------------
     0 | D:1      | Hercules1031 the Formicid Fighter began the quest for the
                  | Orb.
     0 | D:1      | Reached XP level 1. HP: 18/18 MP: 1/1
   246 | D:1      | Reached XP level 2. HP: 24/24 MP: 2/2
   690 | D:1      | Reached XP level 3. HP: 23/29 MP: 3/3
   953 | D:1      | Reached skill level 4 in Shields
  1099 | D:2      | Reached skill level 1 in Dodging
  1552 | D:2      | Reached XP level 4. HP: 37/37 MP: 1/4
  2309 | D:3      | Noticed a phantom
  2320 | D:3      | Killed a phantom
  2320 | D:3      | Reached XP level 5. HP: 23/42 MP: 5/5
  2905 | D:3      | Reached XP level 6. HP: 22/48 MP: 6/6
  3367 | D:4      | Found a stormy altar of Qazlal.
  3588 | D:4      | Noticed an ogre
  3596 | D:4      | Killed an ogre
  3596 | D:4      | Reached skill level 5 in Shields
  3622 | D:4      | Reached XP level 7. HP: 37/55 MP: 7/7
  3639 | D:4      | Found a transporter.
  3645 | D:4      | Noticed a kobold demonologist
  3793 | D:4      | Found a transporter.
  3794 | D:4      | Noticed a soul eater
  3797 | D:4      | Noticed a rust devil
  3798 | D:4      | HP: 1/55 [shadow imp/nerve-wracking pain (10)]
  3809 | D:4      | Slain by a soul eater

Levels and vault maps discovered:
D:1:      shiori_arrival_maze, layout_loops_corners
D:2:      minmay_wonky_spiral, layout_basic
D:3:      layout_loops_ring, serial_co_window_serial, co_window_paths_a,
          co_window_of_opportunity_a, co_window_paths_b, co_window_cross_1,
          co_window_paths_b, co_window_paths_a, co_window_corner_b,
          co_window_paths_c, co_window_broadway_b, co_window_4corner_a,
          co_window_4corner_b, glass_columns_b, glass_columns_a,
          glass_columns_a, glass_columns_b, glass_columns_a, first_ration,
          minmay_misc_feat_enclosed
D:4:      gammafunk_wand_slinger, layout_basic,
          nicolae_qazlal_general_emergency, kennysheep_little_box,
          grunt_ministairs_5, hangedman_minor_gate_pass

Skill      XL: |  1  2  3  4  5  6 |
---------------+-------------------+-----
Shields        | 4 5 |  5.1
Dodging        | 1 2 |  2.4
Fighting       | 4 |  4.6
Armour         | 4 |  4.6
Axes           | 3 |  3.4

Action                   |  1- 3 |  4- 6 |  7- 9 || total
-------------------------+-------+-------+-------++-------
Melee: War axe           |    96 |    66 |     1 ||   163
       Hand axe          |    21 |    15 |       ||    36
  Use: Scroll            |     1 |       |       ||     1
       Potion            |       |       |     9 ||     9
  Eat: Ration            |     1 |     1 |       ||     2
       Chunk             |       |     2 |       ||     2
Armor: Scale mail        |    46 |       |       ||    46
       Chain mail        |     9 |    20 |     3 ||    32
Dodge: Dodged            |    35 |    10 |     2 ||    47
Block: Shield            |    67 |    42 |     3 ||   112

Table legend:
 A = Non-vault XP
 B = Vault XP
 C = Vault XP percentage of total XP
 D = Non-vault monster count
 E = Vault monster count
 F = Vault count percentage of total count
                 A         B        C        D         E       F
            +---------+---------+-------+---------+---------+-------
      Total |     520 |       9 |   1.7 |      58 |       5 |   7.9
            +---------+---------+-------+---------+---------+-------
        D:1 |      34 |       4 |  10.5 |      20 |       2 |   9.1
        D:2 |      33 |       5 |  13.2 |      11 |       3 |  21.4
        D:3 |     223 |       0 |   0.0 |      17 |       0 |   0.0
        D:4 |     230 |       0 |   0.0 |      10 |       0 |   0.0
            +---------+---------+-------+---------+---------+-------
